 Dungeon Crawl Stone Soup version 0.18-a0-1060-g4fac74f (webtiles) character file.

84 ater218 the Skirmisher (level 4, -2/36 HPs)
             Began as a Demonspawn Berserker on Jan 12, 2016.
             Was a Believer of Trog.
             Slain by an adder (4 damage)
             ... on level 3 of the Dungeon.
             The game lasted 00:11:00 (1333 turns).

ater218 the Skirmisher (Demonspawn Berserker)       Turns: 1333, Time: 00:11:00

Health: -2/36      AC:  3    Str: 18    XL:     4   Next: 24%
Magic:  4/4        EV: 12    Int:  9    God:    Trog [**....]
Gold:   55         SH:  0    Dex: 12    Spells: 0 memorised, 3 levels left

rFire  . . .     SeeInvis .     a - +0 falchion
rCold  . . .     Gourm    .     j - +0 leather armour (curse)
rNeg   . . .     Faith    .     (no shield)
rPois  .         Spirit   .     (helmet restricted)
rElec  .         Dismiss  .     (no cloak)
rCorr  .         Reflect  .     (no gloves)
SustAt .         Harm     .     (no boots)
MR     .....                    (no amulet)
Stlth  ++........               (no ring)
                                (no ring)

@: lethally poisoned (-2 -> -7), not resistant to hostile enchantments,
unstealthy
A: horns 1, nightstalker 1, powered by death 1
a: Berserk, Trog's Hand, Burn Spellbooks, Renounce Religion


You were on level 3 of the Dungeon.
You worshipped Trog.
Trog was pleased with you.
You were near starving.

You visited 1 branch of the dungeon, and saw 3 of its levels.

You collected 55 gold pieces.

Inventory:

Hand Weapons
 a - a +0 falchion (weapon)
Armour
 b - a +0 animal skin
 j - a cursed +0 leather armour (worn)
 l - a +0 chain mail
Scrolls
 e - a scroll of identify {unknown}
 i - a scroll of random uselessness {unknown}
 k - 3 scrolls of amnesia {unknown}
Potions
 d - a potion of haste {unknown}
 g - 2 potions of curing {unknown}
 h - a potion of might {unknown}
 m - a potion of heal wounds {unknown}
Comestibles
 c - 2 bread rations
 f - 2 meat rations


   Skills:
 + Level 3.6 Fighting
 + Level 3.3 Long Blades
 + Level 1.9 Armour
 + Level 2.8 Dodging
 + Level 1.0 Stealth


You had 3 spell levels left.
You didn't know any spells.

Dungeon Overview and Level Annotations

Branches:
Dungeon (3/15)

Altars:
Elyvilon
Makhleb
Okawaru
Trog
Zin

Shops:
D:2 *


Innate Abilities, Weirdness & Mutations

You have a pair of small horns on your head.
You are slightly more attuned to the shadows.
You regenerate a little health from kills.


Message History

You are poisoned.
The adder poisons you! The orc hits you with a falchion!
You miss the adder.
The adder is severely wounded.
You feel sick. The adder bites you.
You are more poisoned.
The adder poisons you! The adder bites you. The orc hits you with a falchion.
* * * LOW HITPOINT WARNING * * *
You're too hungry to go berserk.
You hit the adder.
The adder is severely wounded.
You feel sick. The adder bites you but does no damage.
The orc hits you with a falchion.
* * * LOW HITPOINT WARNING * * *
You barely miss the orc.
The orc is almost dead.
The adder bites you.
* * * LOW HITPOINT WARNING * * *
The adder bites you.
You die...

... #. #.. ... #..
#.. .. #..## #.# .#
#...# #.###.## .
##...## #.##...##..
##.....####...S......
#.#..........(@o.##..
#.....######........
#>.#.### #.†........
#......#
#.###.###...#
#.##.#.# #<# #.# ...#
#.##.#.# #.# #.#
#...#.# #.##.#.# #.#
#.# #...#.# #.##.#.#
#.###.###......
##.##.#.#
#...........#


You could see an adder and an orc.

Vanquished Creatures
  A gnoll (D:1)
  3 adders (D:2)
  5 giant cockroaches
  9 hobgoblins
  A ball python (D:1)
  8 bats
  4 giant newts
  4 goblins
  5 kobolds
  8 rats
48 creatures vanquished.

Notes
Turn   | Place    | Note
--------------------------------------------------------------
     0 | D:1      | ater218 the Demonspawn Berserker began the quest for the Orb.
     0 | D:1      | Reached XP level 1. HP: 18/18 MP: 1/1
     6 | D:1      | Noticed a swamp drake
     6 | D:1      | Noticed a polar bear
     6 | D:1      | Noticed a redback
     6 | D:1      | Noticed an iguana
     6 | D:1      | Noticed a hound
    80 | D:1      | Gained mutation: You regenerate a little health from kills. [demonic ancestry]
    80 | D:1      | Reached XP level 2. HP: 20/24 MP: 2/2
   425 | D:1      | Gained mutation: You are slightly more attuned to the shadows. [demonic ancestry]
   425 | D:1      | Reached XP level 3. HP: 27/29 MP: 3/3
   453 | D:2      | Found Zin's Purification Station.
   453 | D:2      | Found a glowing silver altar of Zin.
   523 | D:2      | Found a white marble altar of Elyvilon.
   540 | D:2      | Reached ** piety under Trog
   774 | D:2      | Found an iron altar of Okawaru.
   908 | D:2      | Gained mutation: You have a pair of small horns on your head. [demonic ancestry]
   908 | D:2      | Reached XP level 4. HP: 36/36 MP: 4/4
  1205 | D:3      | Found a bloodstained altar of Trog.
  1269 | D:3      | Found a burning altar of Makhleb.
  1291 | D:3      | Reached skill level 1 in Stealth
  1333 | D:3      | Slain by an adder

Vault maps used:
D:1:      onia_arrival_zoo_common, serial_park_tiny_2
D:2:      elyvilon_altar_5, okawaru_trees_1, zin_purify, first_bread
D:3:      corexii_shack_village, lemuel_crystal_altar, cheibriados_altar_1,
          nicolae_overflow_crystal_walls, lightli_temple_of_fire

Action                   |  1- 3 |  4- 6 || total
-------------------------+-------+-------++-------
Melee: Falchion          |   112 |    36 ||   148
 Stab: Sleeping          |     4 |     4 ||     8
